 Dungeon Crawl Stone Soup version 0.27.1-33-g824d729ab1 (webtiles) character file.

Game seed: 11431985562511319384

42 wrongsayer the Skirmisher (level 3, -1/33 HPs)
             Began as a Hill Orc Fighter on Dec 25, 2021.
             Slain by an orc warrior (6 damage)
             ... on level 4 of the Dungeon.
             The game lasted 00:19:11 (1257 turns).

wrongsayer the Skirmisher (Hill Orc Fighter)        Turns: 1257, Time: 00:19:11

Health: -1/33      AC:  7    Str: 19    XL:     3   Next: 54%
Magic:  3/3        EV:  7    Int:  8    God:
Gold:   100        SH:  9    Dex: 10    Spells: 2/2 levels left

rFire    . . .     SeeInvis .   q - +0 whip (elec)
rCold    + . .     Faith    .   c - +0 kite shield
rNeg     . . .     Spirit   .   b - +1 scale mail
rPois    .         Reflect  .   (no helmet)
rElec    .         Harm     .   (no cloak)
rCorr    .         Rampage  .   (no gloves)
Will     .....                  (no boots)
Stlth    ..........             (no amulet)
HPRegen  0.11/turn              s - ring of protection from cold
MPRegen  0.08/turn              (no ring)

@: weak-willed
A: no striking features
a: no special abilities


You were on level 4 of the Dungeon.
You visited 1 branch of the dungeon, and saw 4 of its levels.

You collected 100 gold pieces.

Inventory:

Hand Weapons
 a - a +0 trident
 i - a +0 whip
 j - a +0 dagger
 k - a +0 dagger
 l - a +0 short sword
 q - a +0 whip of electrocution (weapon)
Missiles
 e - 17 bolts
 h - 100 stones (quivered)
Armour
 b - a +1 scale mail (worn)
 c - a +0 kite shield (worn)
 o - a +0 robe
 x - a +0 leather armour
Magical Staves
 n - a staff of death
Jewellery
 s - a ring of protection from cold (left hand)
Wands
 r - a wand of polymorph (6)
 w - a wand of charming (8)
Scrolls
 f - a scroll of magic mapping {unknown}
 g - 3 scrolls of immolation {unknown}
 p - a scroll of holy word
 t - a scroll of fear {unknown}
 u - 2 scrolls of noise {unknown}
Potions
 d - a potion of might


   Skills:
 + Level 4.0 Fighting
 * Level 3.0 Polearms
 * Level 3.6 Armour
 + Level 3.8 Shields


You had 2 spell levels left.
You didn't know any spells.
Your spell library contained the following spells:

 Spells                   Type           Power      Damage    Failure   Level
 Corona                   Hex            0%         N/A       99%         1
 Ensorcelled Hibernation  Hex/Ice        0%         N/A       100%        2
 Portal Projectile        Hex/Tloc       0%         N/A       100%        3
 Tukima's Dance           Hex            0%         N/A       100%        3
 Blade Hands              Tmut           0%         N/A       100%        5
 Excruciating Wounds      Necr           0%         N/A       100%        5


Dungeon Overview and Level Annotations

Branches:
Dungeon (4/15)
 Temple: D:4-7

Altars:

Portals:
Sewer: D:4


Message History

The orc shouts!
An orc warrior comes into view. It is wielding a +0 hand axe.
The orc warrior moves out of view.
The orc warrior shouts!
There is a glowing drain here.
As you read the scroll labelled QEEXZY NUMUTSU, it crumbles to dust.
Magic quickly surges around you.
It was a scroll of vulnerability.
The orc closely misses you.
You hit the orc but do no damage. Lightning courses through the orc!
You kill the orc!
You barely miss the orc.
You hear the slow rusting of a drain.
The orc hits you with a +0 mace.
You hit the orc warrior but do no damage.
Lightning courses through the orc warrior!
The orc warrior is heavily wounded.
The orc warrior hits you with a +0 hand axe.
Your shield and scale mail prevent you from hitting the orc warrior.
The orc warrior is heavily wounded.
The orc hits you but does no damage. You block the orc warrior's attack.
You hit the orc warrior.
The orc warrior is severely wounded.
You block the orc's attack.
The orc warrior hits you with a +0 hand axe!
* * * LOW HITPOINT WARNING * * *
The orc splashes around in the water.
You closely miss the orc warrior.
The orc warrior is severely wounded.
The orc warrior hits you with a +0 hand axe.
* * * LOW HITPOINT WARNING * * *
The orc splashes around in the water.
The orc warrior barely misses you.
As you read the scroll labelled MAODWANYLECH, it crumbles to dust.
It is a scroll of identify.
p - a scroll of holy word The orc splashes around in the water.
You block the orc warrior's attack.
Your shield prevents you from hitting the orc warrior.
The orc warrior is severely wounded.
You block the orc's attack.
The orc warrior hits you with a +0 hand axe.
You die...

...##≈≈≈≈≈##..?.
#..≈≈.....≈≈.##+#
#..≈≈.....≈≈....+
#...≈..∩..≈≈...<#
#..≈≈.....≈≈....##
#..≈≈.....≈≈.....+
#..##≈≈.≈≈##....##
#..##≈oo†≈##.+###
+..≈..$@........#
##+##...####....#
#...# #........
#..## ###..##...
#.. ..# .# ... ?.#
# .... ... ###..
..##


You could see an orc warrior (weak-willed) and an orc (weak-willed).

Vanquished Creatures
  2 worms
  An orc (D:4)
  5 endoplasms
  A giant cockroach (D:1)
  A goblin (D:3)
  2 hobgoblins (D:3)
  2 jackals (D:3)
  5 kobolds
  A quokka (D:2)
  4 ball pythons
  6 bats
  A frilled lizard (D:2)
  3 rats
34 creatures vanquished.

Notes
Turn   | Place    | Note
-------+----------+-------------------------------------------
     0 | D:1      | wrongsayer the Hill Orc Fighter began the quest for the
                  | Orb.
     0 | D:1      | Reached XP level 1. HP: 19/19 MP: 1/1
   219 | D:1      | Reached XP level 2. HP: 26/27 MP: 2/2
   403 | D:1      | Found a faded altar of an unknown god.
   771 | D:2      | Reached skill level 4 in Fighting
   925 | D:2      | You fall into a shaft and drop 1 floor!
  1056 | D:3      | Reached XP level 3. HP: 27/33 MP: 3/3
  1208 | D:4      | Found a glowing drain.
  1241 | D:4      | Noticed an orc warrior
  1257 | D:4      | Slain by an orc warrior

Illustrated notes

Levels and vault maps discovered:
D:1:      dpeg_arrival_leaves_temple_mockup, layout_basic,
          hellmonk_ecumenical_altar_leap_of_faith
D:2:      layout_basic, basic_altar, uniq_sigmund
D:3:      layout_rooms
D:4:      layout_gridville, nicolae_dithmenos_shadow_blocks, temple_green,
          cheibrodos_sewer_entry_sluice

Skill      XL: |  1  2  3 |
---------------+----------+-----
Fighting       | 4 |  4.0
Polearms       | 3 |  3.0
Armour         | |  3.6
Shields        | |  3.8

Action                   || total
-------------------------++-------
Melee: Trident           ||   101
       Whip              ||    21
  Use: Scroll            ||     3
       Potion            ||     1
Armor: Scale mail        ||    71
Dodge: Dodged            ||    53
Block: Kite shield       ||    72
